Stars vs Blackhawks
(R1)
Created - 23 avril 2015 at 18:59
Goals
|
| Stars |
1 |
2 |
0 |
3 |
| Blackhawks |
3 |
1 |
1 |
5 |
|
Shots
|
| Stars |
16 |
8 |
8 |
32 |
| Blackhawks |
12 |
13 |
6 |
31 |
|
1st period
1. Blackhawks , Robert Nilsson 5 (Johnny Oduya) at 13:20
2. Blackhawks , Henrik Zetterberg 8 (Scott Gomez) at 15:02
3. Blackhawks , George Parros 1 (Chris Higgins, Dominic Moore) at 18:24
4. Stars , Matthew Spiller 1 (Daniel Sedin, Alexei Morozov) at 19:34 (PP)
Penalties :
Brendan Bell (Dal) for Diving (Minor) at 8:16, Scott Gomez (Chi) for Roughing (Minor) at 19:07
2nd period
5. Blackhawks , Henrik Zetterberg 9 (Johnny Oduya, Steve McCarthy) at 0:15
6. Stars , Éric Belanger 1 (Ryan Malone, Bryan Berard) at 4:33
7. Stars , Matthew Spiller 2 (John Tavares, Shane Doan) at 5:24
Penalties :
Johnny Oduya (Chi) for Cross-checking (Minor) at 2:21, John Tavares (Dal) for Hooking (Minor) at 10:46, Steve McCarthy (Chi) for High sticking (Minor) at 17:58
3rd period
8. Blackhawks , Henrik Zetterberg 10 (Kris Versteeg, Steve McCarthy) at 14:47 (PP)
Penalties :
Scott Gomez (Chi) for High sticking (Minor) at 4:39, Evgeny Artyukhin (Dal) for Hooking (Minor) at 8:44, Daniel Cleary (Dal) for Hooking (Minor) at 11:24, John Tavares (Dal) for Holding (Minor) at 14:09
Goalie Stats
Pascal Leclaire (Dal), 9 saves from 13 shots - (0,692), L, 3-2-0, 20:15 minutes
Patrick Lalime (Dal), 17 saves from 18 shots - (0,944), 39:45 minutes
Roberto Luongo (Chi), 29 saves from 32 shots - (0,906), W, 4-2-0, 60:00 minutes
Players Stats for Stars
Player Name G A P +/- PIM S H SB GA TA FO MP PP MP PK MP
------------------------------------------------------------------------------------
Alexei Morozov 0 1 1 -2 0 4 4 0 0 0 0/0 18:31 3:25 0:00
Brendan Bell 0 0 0 -1 2 1 2 0 0 1 0/0 20:07 0:10 3:39
Bryan Berard 0 1 1 0 0 3 2 0 0 0 0/0 14:47 2:53 1:18
Daniel Cleary 0 0 0 0 2 0 1 0 0 1 0/0 8:45 0:00 1:32
Daniel Sedin 0 1 1 -2 0 1 3 1 1 0 0/0 20:48 3:25 1:30
Éric Belanger 1 0 1 1 0 5 0 1 0 0 4/9 12:22 0:00 2:16
Evgeny Artyukhin 0 0 0 1 2 2 1 0 1 0 0/0 10:22 0:00 0:00
Filip Novak 0 0 0 0 0 1 0 2 0 0 0/0 14:20 0:10 3:44
Henrik Sedin 0 0 0 -2 0 3 0 0 1 0 13/25 18:31 3:25 0:00
Jan Hlavac 0 0 0 0 0 0 0 0 0 0 0/0 12:43 0:00 5:25
John Tavares 0 1 1 -1 4 2 0 0 1 0 4/9 16:50 2:59 0:53
Mark Streit 0 0 0 -1 0 0 0 0 0 1 0/0 17:19 2:53 0:00
Marty Reasoner 0 0 0 0 0 2 0 2 1 1 5/14 13:03 0:00 5:25
Matthew Spiller 2 0 2 -1 0 3 1 2 0 0 0/0 27:56 3:21 4:43
Patrick Sharp 0 0 0 -1 0 2 4 0 2 0 0/0 14:22 2:59 0:07
Pavel Kubina 0 0 0 -1 0 1 0 1 1 0 0/0 26:09 3:21 3:44
Ryan Malone 0 1 1 1 0 0 0 0 0 0 0/0 10:26 0:00 0:00
Shane Doan 0 1 1 -1 0 2 1 0 0 0 1/2 14:00 2:59 0:00
Players Stats for Blackhawks
Player Name G A P +/- PIM S H SB GA TA FO MP PP MP PK MP
------------------------------------------------------------------------------------
Chris Campoli 0 0 0 0 0 1 1 2 0 0 0/0 21:28 3:58 2:25
Chris Higgins 0 1 1 1 0 3 1 0 0 0 0/0 14:27 3:26 1:03
Daniel Carcillo 0 0 0 0 0 1 0 0 0 0 0/0 8:12 0:05 0:00
Dominic Moore 0 1 1 1 0 1 3 2 0 1 8/13 13:44 0:23 3:26
George Parros 1 0 1 1 0 4 1 0 0 0 1/1 9:58 0:05 0:00
Henrik Zetterberg 3 0 3 0 0 7 3 1 0 0 0/0 18:28 5:03 0:00
Jamie Langenbrunner 0 0 0 1 0 0 1 2 0 0 0/0 20:24 3:08 3:37
Jeff Schultz 0 0 0 0 0 0 0 2 0 0 0/0 17:58 0:10 4:12
John Carlson 0 0 0 1 0 1 1 0 0 1 0/0 16:16 4:26 0:00
Johnny Oduya 0 2 2 1 2 2 1 0 0 1 0/0 25:01 4:40 1:24
Kris Versteeg 0 1 1 1 0 4 1 0 2 1 1/2 19:22 5:03 0:00
Niclas Wallin 0 0 0 1 0 0 0 2 0 2 0/0 13:48 0:00 2:41
Oleg Kvasha 0 0 0 0 0 1 0 0 0 0 1/2 9:15 0:00 1:36
Robert Nilsson 1 0 1 1 0 3 4 0 0 0 14/28 19:35 5:03 0:13
Scott Gomez 0 1 1 0 4 1 3 1 0 0 5/10 17:45 3:26 1:09
Sheldon Keefe 0 0 0 0 0 1 1 1 2 0 0/0 9:22 0:00 1:44
Steve Bernier 0 0 0 0 0 0 0 0 0 0 2/3 12:52 0:00 0:00
Steve McCarthy 0 2 2 1 2 1 0 4 0 2 0/0 25:37 3:54 2:06
3 Stars
1 - Henrik Zetterberg (Chi)
2 - Matthew Spiller (Dal)
3 - Robert Nilsson (Chi)
Power Play
Stars - 1 on 4 Attempt(s) - 25,00%
Blackhawks - 1 on 5 Attempt(s) - 20,00%
Penalty Kill
Stars - 4 on 5 Attempt(s) - 80,00%
- Score 0 goal in Penalty Kill
Blackhawks - 3 on 4 Attempt(s) - 75,00%
- Score 0 goal in Penalty Kill
Team Stat
Stars - Hits : 19 - Faceoff Wins : 27 - Blocked Shots : 9 - Penalty Minutes : 10
Blackhawks - Hits : 21 - Faceoff Wins : 32 - Blocked Shots : 17 - Penalty Minutes : 8
Official
Referees : Rehman Kyle and Charron Francis
Linesman : Brad Kovachik and Vaughan Rody
Game Notes
Patrick Lalime enters game at 0:15 of 2nd period
Henrik Zetterberg has scored a Hat Trick!
Finance
Level 1 -- Attendance: 6000 (100,00%) -- Ticket Income 528 000 $
Level 2 -- Attendance: 5000 (100,00%) -- Ticket Income 265 000 $
Level 3 -- Attendance: 1943 (97,15%) -- Ticket Income 66 062 $
Level 4 -- Attendance: 4000 (100,00%) -- Ticket Income 88 000 $
Luxury Box -- Attendance: 1000 (100,00%) -- Ticket Income 165 000 $
Game was played at the Chicago Stadium'
Total Attendance: 17943 (99,68%)
Total Ticket Income: 1 112 062 $
Other Income: 166 809 $
Total Income: 1 278 871 $
Stars
5 vs 5 Forward
Center Left Wing Right Wing Time % Phy DF OF
1 Henrik Sedin Daniel Sedin Alexei Morozov 40 1 2 2
2 John Tavares Patrick Sharp Shane Doan 30 1 2 2
3 Éric Belanger Ryan Malone Evgeny Artyukhin 20 1 2 2
4 Marty Reasoner Jan Hlavac Daniel Cleary 10 1 2 2
5 vs 5 Defense
Defense Defense Time % Phy DF OF
1 Pavel Kubina Matthew Spiller 40 1 2 2
2 Mark Streit Brendan Bell 30 1 2 2
3 Filip Novak Bryan Berard 20 1 2 2
4 Pavel Kubina Matthew Spiller 10 1 2 2
PowerPlay Forward
Center Left Wing Right Wing Time % Phy DF OF
1 Henrik Sedin Daniel Sedin Alexei Morozov 60 1 2 2
2 John Tavares Patrick Sharp Shane Doan 40 1 2 2
PowerPlay Defense
Defense Defense Time % Phy DF OF
1 Pavel Kubina Matthew Spiller 60 1 2 2
2 Mark Streit Bryan Berard 40 1 2 2
Penalty Kill 4 Players Forward
Center Wing Time % Phy DF OF
1 Marty Reasoner Jan Hlavac 60 1 2 2
2 Éric Belanger Daniel Cleary 40 1 2 2
Penalty Kill 4 Players Defense
Defense Defense Time % Phy DF OF
1 Brendan Bell Matthew Spiller 60 1 2 2
2 Filip Novak Pavel Kubina 40 1 2 2
Penalty Kill - 3 Players Forward
Forward Time % Phy DF OF
1 Marty Reasoner 60 1 2 2
2 Éric Belanger 40 1 2 2
Penalty Kill - 3 Players Defense
Defense Defense Time % Phy DF OF
1 Brendan Bell Matthew Spiller 60 1 2 2
2 Brendan Bell Mark Streit 40 1 2 2
4 vs 4 Forward
Center Wing Time % Phy DF OF
1 John Tavares Patrick Sharp 60 1 2 2
2 Henrik Sedin Daniel Sedin 40 1 2 2
4 vs 4 Defense
Defense Defense Time % Phy DF OF
1 Matthew Spiller Mark Streit 60 1 2 2
2 Pavel Kubina Bryan Berard 40 1 2 2
Last Minutes Offensive
Center Left Wing Right Wing Defense Defense
Henrik Sedin Patrick Sharp Alexei Morozov Pavel Kubina Mark Streit
Last Minutes Defensive
Center Left Wing Right Wing Defense Defense
Marty Reasoner Jan Hlavac Daniel Cleary Matthew Spiller Brendan Bell
Goaltenders
Starting : Pascal Leclaire
Backup : Patrick Lalime
Extra Forwards
Normal : Daniel Cleary, Ryan Malone, Marty Reasoner - PP : Daniel Cleary, Ryan Malone - PK : Marty Reasoner
Extra Defensemen
Normal : Filip Novak, Brendan Bell, Matthew Spiller - PP : Filip Novak - PK : Brendan Bell, Matthew Spiller
Penalty Shots
Henrik Sedin, Patrick Sharp, Alexei Morozov, Daniel Sedin, Shane Doan
Blackhawks
5 vs 5 Forward
Center Left Wing Right Wing Time % Phy DF OF
1 Robert Nilsson Kris Versteeg Jamie Langenbrunner 40 1 2 2
2 Scott Gomez Henrik Zetterberg Steve Bernier 30 1 2 2
3 Dominic Moore Chris Higgins George Parros 20 1 2 2
4 Oleg Kvasha Daniel Carcillo Sheldon Keefe 10 1 2 2
5 vs 5 Defense
Defense Defense Time % Phy DF OF
1 Johnny Oduya Steve McCarthy 40 1 2 2
2 Jeff Schultz Chris Campoli 30 1 2 2
3 John Carlson Niclas Wallin 20 1 2 2
4 Johnny Oduya Steve McCarthy 10 1 2 2
PowerPlay Forward
Center Left Wing Right Wing Time % Phy DF OF
1 Robert Nilsson Henrik Zetterberg Kris Versteeg 60 1 2 2
2 Scott Gomez Chris Higgins Jamie Langenbrunner 40 1 2 2
PowerPlay Defense
Defense Defense Time % Phy DF OF
1 Johnny Oduya John Carlson 60 1 2 2
2 Steve McCarthy Chris Campoli 40 1 2 2
Penalty Kill 4 Players Forward
Center Wing Time % Phy DF OF
1 Dominic Moore Jamie Langenbrunner 60 1 2 2
2 Scott Gomez Sheldon Keefe 40 1 2 2
Penalty Kill 4 Players Defense
Defense Defense Time % Phy DF OF
1 Jeff Schultz Steve McCarthy 60 1 2 2
2 Johnny Oduya Chris Campoli 40 1 2 2
Penalty Kill - 3 Players Forward
Forward Time % Phy DF OF
1 Henrik Zetterberg 60 1 2 2
2 Robert Nilsson 40 1 2 2
Penalty Kill - 3 Players Defense
Defense Defense Time % Phy DF OF
1 Johnny Oduya Steve McCarthy 60 1 2 2
2 Jeff Schultz Chris Campoli 40 1 2 2
4 vs 4 Forward
Center Wing Time % Phy DF OF
1 Robert Nilsson Henrik Zetterberg 60 1 2 2
2 Scott Gomez Kris Versteeg 40 1 2 2
4 vs 4 Defense
Defense Defense Time % Phy DF OF
1 Johnny Oduya Steve McCarthy 60 1 2 2
2 Jeff Schultz Chris Campoli 40 1 2 2
Last Minutes Offensive
Center Left Wing Right Wing Defense Defense
Robert Nilsson Henrik Zetterberg Kris Versteeg Johnny Oduya Steve McCarthy
Last Minutes Defensive
Center Left Wing Right Wing Defense Defense
Robert Nilsson Kris Versteeg Jamie Langenbrunner Jeff Schultz Steve McCarthy
Goaltenders
Starting : Roberto Luongo
Backup : Jocelyn Thibault
Extra Forwards
Normal : Dominic Moore, Chris Higgins, Oleg Kvasha - PP : Dominic Moore, Chris Higgins - PK : Oleg Kvasha
Extra Defensemen
Normal : John Carlson, Niclas Wallin, Jeff Schultz - PP : John Carlson - PK : Niclas Wallin, Jeff Schultz
Penalty Shots
Henrik Zetterberg, Robert Nilsson, Kris Versteeg, George Parros, Scott Gomez
% Time on Ice - Stars
Lines # - Real PCT - Wanted PCT - Time Play
Normal Forward
1 - 39% - 40% - 17:37
2 - 24% - 30% - 11:01
3 - 22% - 20% - 10:06
4 - 14% - 10% - 6:18
Normal Defense
1 - 44% - 40% - 19:50
2 - 32% - 30% - 14:13
3 - 20% - 20% - 9:10
4 - 4% - 10% - 1:49
PP Forward
1 - 53% - 60% - 3:25
2 - 47% - 40% - 2:59
PP Defense
1 - 55% - 60% - 3:31
2 - 45% - 40% - 2:53
PK Forward
1 - 74% - 60% - 6:18
2 - 26% - 40% - 2:16
PK Defense
1 - 56% - 60% - 4:50
2 - 44% - 40% - 3:44
PK3 Forward
1 - 0% - 60%
2 - 0% - 40%
PK3 Defense
1 - 0% - 60%
2 - 0% - 40%
44 Forward
1 - 0% - 60%
2 - 0% - 40%
44 Defense
1 - 0% - 60%
2 - 0% - 40%
Last Minute Offensive - 0:00
Last Minute Defensive - 0:00
Total
Forward - 60:00
Defense - 60:00
|
% Time on Ice - Blackhawks
Lines # - Real PCT - Wanted PCT - Time Play
Normal Forward
1 - 33% - 40% - 14:43
2 - 29% - 30% - 13:10
3 - 21% - 20% - 9:36
4 - 17% - 10% - 7:33
Normal Defense
1 - 40% - 40% - 18:11
2 - 31% - 30% - 13:48
3 - 26% - 20% - 11:46
4 - 3% - 10% - 1:17
PP Forward
1 - 60% - 60% - 5:08
2 - 40% - 40% - 3:26
PP Defense
1 - 54% - 60% - 4:40
2 - 46% - 40% - 3:54
PK Forward
1 - 73% - 60% - 4:40
2 - 27% - 40% - 1:44
PK Defense
1 - 69% - 60% - 4:24
2 - 31% - 40% - 2:00
PK3 Forward
1 - 0% - 60%
2 - 0% - 40%
PK3 Defense
1 - 0% - 60%
2 - 0% - 40%
44 Forward
1 - 0% - 60%
2 - 0% - 40%
44 Defense
1 - 0% - 60%
2 - 0% - 40%
Last Minute Offensive - 0:00
Last Minute Defensive - 0:00
Total
Forward - 60:00
Defense - 60:00
|
Play by Play
1st period
0:01 of 1st period - Robert Nilsson wins face-off versus Henrik Sedin in neutral zone.
0:51 of 1st period - Snap shot by Éric Belanger.
0:51 of 1st period - Shot Blocked by Jeff Schultz.
0:53 of 1st period - Wrist shot by Bryan Berard.
0:53 of 1st period - Stopped by Roberto Luongo without a rebound.
0:54 of 1st period - Marty Reasoner wins face-off versus Oleg Kvasha in Blackhawks zone.
1:06 of 1st period - Bryan Berard is hit by Sheldon Keefe and loses puck.
1:19 of 1st period - Kris Versteeg is hit by Alexei Morozov and loses puck.
1:48 of 1st period - Snap shot by Henrik Zetterberg.
1:48 of 1st period - Stopped by Pascal Leclaire with a rebound.
2:49 of 1st period - Snap shot by Daniel Sedin.
2:49 of 1st period - Stopped by Roberto Luongo without a rebound.
2:50 of 1st period - John Tavares wins face-off versus Scott Gomez in Blackhawks zone.
3:15 of 1st period - Jamie Langenbrunner is hit by Matthew Spiller and loses puck.
4:09 of 1st period - Wrist shot by Chris Higgins.
4:09 of 1st period - Stopped by Pascal Leclaire with a rebound.
4:44 of 1st period - Robert Nilsson is hit by Patrick Sharp and loses puck.
5:07 of 1st period - Snap shot by Shane Doan.
5:07 of 1st period - Shot Blocked by Niclas Wallin.
5:09 of 1st period - Slapshot by Pavel Kubina.
5:09 of 1st period - Deflect By Shane Doan.
5:09 of 1st period - Stopped by Roberto Luongo with a rebound.
5:13 of 1st period - Wrist shot by Shane Doan.
5:13 of 1st period - Stopped by Roberto Luongo without a rebound.
5:14 of 1st period - Steve Bernier wins face-off versus Henrik Sedin in Blackhawks zone.
5:16 of 1st period - Henrik Zetterberg is hit by Alexei Morozov and loses puck.
5:39 of 1st period - Ryan Malone is hit by Dominic Moore and loses puck.
5:48 of 1st period - Slapshot by George Parros.
5:48 of 1st period - Stopped by Pascal Leclaire with a rebound.
5:50 of 1st period - Snap shot by Jeff Schultz.
5:50 of 1st period - Shot Misses the Net.
6:23 of 1st period - Snap shot by Henrik Sedin.
6:23 of 1st period - Shot Blocked by Jamie Langenbrunner.
6:25 of 1st period - Slapshot by Filip Novak.
6:25 of 1st period - Shot Misses the Net.
6:48 of 1st period - Wrist shot by Henrik Zetterberg.
6:48 of 1st period - Shot Hit the Post.
7:18 of 1st period - Steve McCarthy is hit by Daniel Sedin and loses puck.
7:36 of 1st period - Kris Versteeg is hit by Evgeny Artyukhin and loses puck.
7:55 of 1st period - Jamie Langenbrunner is hit by Brendan Bell and loses puck.
8:14 of 1st period - Wrist shot by Kris Versteeg.
8:14 of 1st period - Stopped by Pascal Leclaire with a rebound.
8:16 of 1st period - Minor Penalty to Brendan Bell for Diving.
8:17 of 1st period - Scott Gomez wins face-off versus Marty Reasoner in Stars zone.
9:10 of 1st period - Chris Campoli is hit by Bryan Berard and loses puck.
9:21 of 1st period - Wrist shot by Éric Belanger.
9:21 of 1st period - Stopped by Roberto Luongo without a rebound.
9:22 of 1st period - Marty Reasoner wins face-off versus Robert Nilsson in Blackhawks zone.
9:45 of 1st period - Éric Belanger is hit by John Carlson and loses puck.
10:16 of 1st period - Penalty to Brendan Bell is over, Brendan Bell is back on ice.
10:32 of 1st period - Snap shot by Daniel Sedin.
10:32 of 1st period - Shot Misses the Net.
10:34 of 1st period - Snap shot by Bryan Berard.
10:34 of 1st period - Deflect By Oleg Kvasha.
10:34 of 1st period - Stopped by Roberto Luongo with a rebound.
10:36 of 1st period - Wrist shot by Daniel Sedin.
10:36 of 1st period - Shot Misses the Net.
10:38 of 1st period - Snap shot by Brendan Bell.
10:38 of 1st period - Shot Blocked by Sheldon Keefe.
10:52 of 1st period - Snap shot by Daniel Sedin.
10:52 of 1st period - Shot Misses the Net.
10:54 of 1st period - Backhand shot by Bryan Berard.
10:54 of 1st period - Stopped by Roberto Luongo without a rebound.
10:55 of 1st period - Scott Gomez wins face-off versus Éric Belanger in Blackhawks zone.
11:02 of 1st period - Matthew Spiller is hit by Scott Gomez and loses puck.
11:25 of 1st period - Marty Reasoner is hit by Jamie Langenbrunner and loses puck.
11:30 of 1st period - Snap shot by Robert Nilsson.
11:30 of 1st period - Stopped by Pascal Leclaire with a rebound.
11:32 of 1st period - Wrist shot by Niclas Wallin.
11:32 of 1st period - Shot Blocked by Matthew Spiller.
11:46 of 1st period - Slapshot by George Parros.
11:46 of 1st period - Stopped by Pascal Leclaire with a rebound.
11:48 of 1st period - Snap shot by Jeff Schultz.
11:48 of 1st period - Shot Misses the Net.
11:50 of 1st period - Wrist shot by Chris Higgins.
11:50 of 1st period - Stopped by Pascal Leclaire with a rebound.
12:04 of 1st period - Scott Gomez is hit by Shane Doan and loses puck.
12:09 of 1st period - Snap shot by Patrick Sharp.
12:09 of 1st period - Stopped by Roberto Luongo with a rebound.
12:21 of 1st period - Snap shot by Éric Belanger.
12:21 of 1st period - Stopped by Roberto Luongo without a rebound.
12:22 of 1st period - Éric Belanger wins face-off versus Robert Nilsson in Blackhawks zone.
12:23 of 1st period - Slapshot by Mark Streit.
12:23 of 1st period - Shot Misses the Net.
12:25 of 1st period - Snap shot by Brendan Bell.
12:25 of 1st period - Shot Blocked by Jamie Langenbrunner.
12:27 of 1st period - Snap shot by Éric Belanger.
12:27 of 1st period - Shot Misses the Net.
12:50 of 1st period - Icing by George Parros.
12:51 of 1st period - Dominic Moore wins face-off versus Henrik Sedin in Blackhawks zone.
13:06 of 1st period - Wrist shot by George Parros.
13:06 of 1st period - Shot Blocked by Filip Novak.
13:20 of 1st period - Slapshot by Robert Nilsson.
13:20 of 1st period - Goal by Robert Nilsson - Stars : 0 - Blackhawks : 1.
13:21 of 1st period - Robert Nilsson wins face-off versus Henrik Sedin in neutral zone.
13:59 of 1st period - Mark Streit is hit by Scott Gomez and loses puck.
14:12 of 1st period - Snap shot by Éric Belanger.
14:12 of 1st period - Stopped by Roberto Luongo without a rebound.
14:13 of 1st period - Dominic Moore wins face-off versus Éric Belanger in Blackhawks zone.
14:24 of 1st period - Off-side.
14:25 of 1st period - Robert Nilsson wins face-off versus Henrik Sedin in neutral zone.
14:36 of 1st period - Backhand shot by Kris Versteeg.
14:36 of 1st period - Shot Misses the Net.
14:38 of 1st period - Slapshot by Steve McCarthy.
14:38 of 1st period - Deflect By Kris Versteeg.
14:38 of 1st period - Stopped by Pascal Leclaire with a rebound.
14:54 of 1st period - Snap shot by Shane Doan.
14:54 of 1st period - Deflect By Patrick Sharp.
14:54 of 1st period - Shot Misses the Net.
14:54 of 1st period - Puck is out of play.
14:55 of 1st period - Scott Gomez wins face-off versus John Tavares in Blackhawks zone.
15:02 of 1st period - Wrist shot by Henrik Zetterberg.
15:02 of 1st period - Goal by Henrik Zetterberg - Stars : 0 - Blackhawks : 2.
15:03 of 1st period - Henrik Sedin wins face-off versus Robert Nilsson in neutral zone.
15:57 of 1st period - Slapshot by Pavel Kubina.
15:57 of 1st period - Stopped by Roberto Luongo with a rebound.
15:59 of 1st period - Snap shot by Evgeny Artyukhin.
15:59 of 1st period - Shot Hit the Post.
16:01 of 1st period - Slapshot by Pavel Kubina.
16:01 of 1st period - Shot Misses the Net.
16:19 of 1st period - Daniel Carcillo is hit by Daniel Cleary and loses puck.
16:42 of 1st period - Wrist shot by Robert Nilsson.
16:42 of 1st period - Shot Misses the Net.
16:58 of 1st period - Snap shot by Patrick Sharp.
16:58 of 1st period - Stopped by Roberto Luongo without a rebound.
16:59 of 1st period - John Tavares wins face-off versus Scott Gomez in Blackhawks zone.
17:34 of 1st period - Snap shot by Kris Versteeg.
17:34 of 1st period - Stopped by Pascal Leclaire with a rebound.
17:50 of 1st period - Backhand shot by Evgeny Artyukhin.
17:50 of 1st period - Stopped by Roberto Luongo with a rebound.
17:52 of 1st period - Slapshot by Filip Novak.
17:52 of 1st period - Stopped by Roberto Luongo with a rebound.
17:54 of 1st period - Wrist shot by Evgeny Artyukhin.
17:54 of 1st period - Shot Misses the Net.
18:12 of 1st period - Icing by George Parros.
18:13 of 1st period - Dominic Moore wins face-off versus Henrik Sedin in Blackhawks zone.
18:24 of 1st period - Wrist shot by George Parros.
18:24 of 1st period - Goal by George Parros - Stars : 0 - Blackhawks : 3.
18:25 of 1st period - Robert Nilsson wins face-off versus Henrik Sedin in neutral zone.
18:25 of 1st period - Kris Versteeg is hit by Daniel Sedin and loses puck.
18:56 of 1st period - Icing by Patrick Sharp.
18:57 of 1st period - John Tavares wins face-off versus Steve Bernier in Stars zone.
19:01 of 1st period - Brendan Bell is hit by Henrik Zetterberg and loses puck.
19:07 of 1st period - Minor Penalty to Scott Gomez for Roughing.
19:08 of 1st period - Dominic Moore wins face-off versus Henrik Sedin in Blackhawks zone.
19:20 of 1st period - Snap shot by Henrik Sedin.
19:20 of 1st period - Stopped by Roberto Luongo without a rebound.
19:21 of 1st period - Henrik Sedin wins face-off versus Dominic Moore in Blackhawks zone.
19:30 of 1st period - Snap shot by Alexei Morozov.
19:30 of 1st period - Shot Blocked by Dominic Moore.
19:32 of 1st period - Snap shot by Daniel Sedin.
19:32 of 1st period - Shot Blocked by Steve McCarthy.
19:34 of 1st period - Slapshot by Matthew Spiller.
19:34 of 1st period - Goal by Matthew Spiller - Stars : 1 - Blackhawks : 3.
19:35 of 1st period - Henrik Sedin wins face-off versus Robert Nilsson in neutral zone.
19:37 of 1st period - Off-side.
19:38 of 1st period - Henrik Sedin wins face-off versus Robert Nilsson in neutral zone.
Goals for this period are 1 for Stars vs 3 for Blackhawks.
Shots for this period are 16 for Stars vs 12 for Blackhawks.
2nd period
0:01 of 2nd period - Henrik Sedin wins face-off versus Scott Gomez in neutral zone.
0:15 of 2nd period - Slapshot by Henrik Zetterberg.
0:15 of 2nd period - Goal by Henrik Zetterberg - Stars : 1 - Blackhawks : 4.
0:15 of 2nd period - Patrick Lalime enters game.
0:16 of 2nd period - Robert Nilsson wins face-off versus Henrik Sedin in neutral zone.
0:28 of 2nd period - Snap shot by Kris Versteeg.
0:28 of 2nd period - Shot Misses the Net.
0:30 of 2nd period - Snap shot by Steve McCarthy.
0:30 of 2nd period - Shot Misses the Net.
0:32 of 2nd period - Slapshot by Kris Versteeg.
0:32 of 2nd period - Shot Misses the Net.
0:42 of 2nd period - Henrik Zetterberg is hit by Patrick Sharp and loses puck.
1:09 of 2nd period - Wrist shot by Chris Higgins.
1:09 of 2nd period - Stopped by Patrick Lalime without a rebound.
1:10 of 2nd period - Henrik Sedin wins face-off versus Kris Versteeg in Stars zone.
1:10 of 2nd period - Henrik Sedin is hit by Robert Nilsson.
2:02 of 2nd period - Wrist shot by Evgeny Artyukhin.
2:02 of 2nd period - Stopped by Roberto Luongo without a rebound.
2:03 of 2nd period - Henrik Sedin wins face-off versus Robert Nilsson in Blackhawks zone.
2:21 of 2nd period - Minor Penalty to Johnny Oduya for Cross-checking.
2:22 of 2nd period - Dominic Moore wins face-off versus Henrik Sedin in Blackhawks zone.
4:21 of 2nd period - Penalty to Johnny Oduya is over, Johnny Oduya is back on ice.
4:33 of 2nd period - Wrist shot by Éric Belanger.
4:33 of 2nd period - Goal by Éric Belanger - Stars : 2 - Blackhawks : 4.
4:34 of 2nd period - Scott Gomez wins face-off versus Éric Belanger in neutral zone.
4:37 of 2nd period - Slapshot by Johnny Oduya.
4:37 of 2nd period - Shot Blocked by Éric Belanger.
4:39 of 2nd period - Wrist shot by Henrik Zetterberg.
4:39 of 2nd period - Shot Misses the Net.
4:41 of 2nd period - Slapshot by Johnny Oduya.
4:41 of 2nd period - Shot Misses the Net.
4:43 of 2nd period - Wrist shot by Steve Bernier.
4:43 of 2nd period - Shot Misses the Net.
4:45 of 2nd period - Snap shot by Steve Bernier.
4:45 of 2nd period - Shot Misses the Net.
4:47 of 2nd period - Backhand shot by Johnny Oduya.
4:47 of 2nd period - Stopped by Patrick Lalime without a rebound.
4:48 of 2nd period - Henrik Sedin wins face-off versus Robert Nilsson in Stars zone.
4:48 of 2nd period - Henrik Sedin is hit by Robert Nilsson.
5:22 of 2nd period - Snap shot by John Tavares.
5:22 of 2nd period - Stopped by Roberto Luongo with a rebound.
5:24 of 2nd period - Slapshot by Matthew Spiller.
5:24 of 2nd period - Goal by Matthew Spiller - Stars : 3 - Blackhawks : 4.
5:25 of 2nd period - Henrik Sedin wins face-off versus Robert Nilsson in neutral zone.
6:01 of 2nd period - Off-side.
6:02 of 2nd period - Steve Bernier wins face-off versus Shane Doan in neutral zone.
6:04 of 2nd period - Off-side.
6:05 of 2nd period - John Tavares wins face-off versus Scott Gomez in neutral zone.
6:08 of 2nd period - Snap shot by Brendan Bell.
6:08 of 2nd period - Stopped by Roberto Luongo with a rebound.
6:20 of 2nd period - Snap shot by John Tavares.
6:20 of 2nd period - Shot Blocked by Henrik Zetterberg.
6:32 of 2nd period - Snap shot by Éric Belanger.
6:32 of 2nd period - Deflect By Evgeny Artyukhin.
6:32 of 2nd period - Shot Blocked by Chris Campoli.
6:32 of 2nd period - Puck is out of play.
6:33 of 2nd period - Éric Belanger wins face-off versus Robert Nilsson in Blackhawks zone.
7:32 of 2nd period - John Tavares is hit by Chris Campoli and loses puck.
8:05 of 2nd period - Slapshot by Johnny Oduya.
8:05 of 2nd period - Stopped by Patrick Lalime without a rebound.
8:06 of 2nd period - Éric Belanger wins face-off versus Robert Nilsson in Stars zone.
9:00 of 2nd period - Wrist shot by Daniel Carcillo.
9:00 of 2nd period - Deflect By Oleg Kvasha.
9:00 of 2nd period - Stopped by Patrick Lalime with a rebound.
9:20 of 2nd period - Slapshot by Marty Reasoner.
9:20 of 2nd period - Shot Misses the Net.
9:43 of 2nd period - Evgeny Artyukhin is hit by Robert Nilsson and loses puck.
10:35 of 2nd period - Wrist shot by Daniel Carcillo.
10:35 of 2nd period - Stopped by Patrick Lalime with a rebound.
10:37 of 2nd period - Snap shot by Sheldon Keefe.
10:37 of 2nd period - Deflect By Oleg Kvasha.
10:37 of 2nd period - Shot Blocked by Filip Novak.
10:37 of 2nd period - Puck is out of play.
10:38 of 2nd period - Robert Nilsson wins face-off versus John Tavares in Stars zone.
10:39 of 2nd period - Snap shot by Kris Versteeg.
10:39 of 2nd period - Deflect By Robert Nilsson.
10:39 of 2nd period - Shot Blocked by Pavel Kubina.
10:39 of 2nd period - Puck is out of play.
10:40 of 2nd period - Robert Nilsson wins face-off versus John Tavares in Stars zone.
10:46 of 2nd period - Minor Penalty to John Tavares for Hooking.
10:47 of 2nd period - Robert Nilsson wins face-off versus Marty Reasoner in Stars zone.
10:59 of 2nd period - Snap shot by Robert Nilsson.
10:59 of 2nd period - Deflect By Henrik Zetterberg.
10:59 of 2nd period - Stopped by Patrick Lalime with a rebound.
11:40 of 2nd period - Icing by Henrik Zetterberg.
11:41 of 2nd period - Robert Nilsson wins face-off versus Marty Reasoner in Blackhawks zone.
11:54 of 2nd period - Snap shot by Scott Gomez.
11:54 of 2nd period - Shot Misses the Net.
11:56 of 2nd period - Slapshot by John Carlson.
11:56 of 2nd period - Shot Blocked by Marty Reasoner.
11:58 of 2nd period - Snap shot by Scott Gomez.
11:58 of 2nd period - Stopped by Patrick Lalime without a rebound.
11:59 of 2nd period - Robert Nilsson wins face-off versus Marty Reasoner in Stars zone.
12:06 of 2nd period - Snap shot by Kris Versteeg.
12:06 of 2nd period - Shot Misses the Net.
12:08 of 2nd period - Slapshot by Steve McCarthy.
12:08 of 2nd period - Stopped by Patrick Lalime without a rebound.
12:09 of 2nd period - Robert Nilsson wins face-off versus Marty Reasoner in Stars zone.
12:24 of 2nd period - Snap shot by Kris Versteeg.
12:24 of 2nd period - Shot Blocked by Matthew Spiller.
12:26 of 2nd period - Snap shot by Steve McCarthy.
12:26 of 2nd period - Shot Blocked by Marty Reasoner.
12:28 of 2nd period - Slapshot by Henrik Zetterberg.
12:28 of 2nd period - Stopped by Patrick Lalime with a rebound.
12:30 of 2nd period - Snap shot by Henrik Zetterberg.
12:30 of 2nd period - Stopped by Patrick Lalime with a rebound.
12:46 of 2nd period - Penalty to John Tavares is over, John Tavares is back on ice.
12:50 of 2nd period - Slapshot by Matthew Spiller.
12:50 of 2nd period - Stopped by Roberto Luongo with a rebound.
13:45 of 2nd period - Snap shot by Chris Campoli.
13:45 of 2nd period - Stopped by Patrick Lalime without a rebound.
13:46 of 2nd period - Henrik Sedin wins face-off versus Dominic Moore in Stars zone.
13:46 of 2nd period - Henrik Sedin is hit by Dominic Moore.
14:12 of 2nd period - Niclas Wallin is hit by Bryan Berard and loses puck.
15:09 of 2nd period - John Tavares is hit by Scott Gomez and loses puck.
17:16 of 2nd period - Icing by Patrick Sharp.
17:17 of 2nd period - Henrik Sedin wins face-off versus Dominic Moore in Stars zone.
17:17 of 2nd period - Henrik Sedin is hit by Dominic Moore.
17:40 of 2nd period - Wrist shot by Sheldon Keefe.
17:40 of 2nd period - Shot Blocked by Daniel Sedin.
17:58 of 2nd period - Minor Penalty to Steve McCarthy for High sticking.
17:59 of 2nd period - Dominic Moore wins face-off versus John Tavares in Blackhawks zone.
18:11 of 2nd period - Snap shot by Patrick Sharp.
18:11 of 2nd period - Shot Blocked by Niclas Wallin.
19:03 of 2nd period - John Tavares is hit by Chris Higgins and loses puck.
19:39 of 2nd period - Slapshot by Scott Gomez.
19:39 of 2nd period - Deflect By Sheldon Keefe.
19:39 of 2nd period - Stopped by Patrick Lalime with a rebound.
19:45 of 2nd period - Snap shot by Alexei Morozov.
19:45 of 2nd period - Stopped by Roberto Luongo with a rebound.
19:47 of 2nd period - Wrist shot by Mark Streit.
19:47 of 2nd period - Shot Blocked by Dominic Moore.
19:49 of 2nd period - Slapshot by Mark Streit.
19:49 of 2nd period - Deflect By Henrik Sedin.
19:49 of 2nd period - Stopped by Roberto Luongo without a rebound.
19:50 of 2nd period - Shane Doan wins face-off versus Dominic Moore in Blackhawks zone.
19:58 of 2nd period - Penalty to Steve McCarthy is over, Steve McCarthy is back on ice.
Goals for this period are 2 for Stars vs 1 for Blackhawks.
Shots for this period are 8 for Stars vs 13 for Blackhawks.
3rd period
0:01 of 3rd period - Robert Nilsson wins face-off versus John Tavares in neutral zone.
0:01 of 3rd period - Kris Versteeg is hit by Patrick Sharp and loses puck.
0:06 of 3rd period - Robert Nilsson is hit by Patrick Sharp and loses puck.
1:39 of 3rd period - Mark Streit is hit by Kris Versteeg and loses puck.
2:02 of 3rd period - Snap shot by Henrik Sedin.
2:02 of 3rd period - Stopped by Roberto Luongo with a rebound.
2:04 of 3rd period - Slapshot by Mark Streit.
2:04 of 3rd period - Shot Blocked by Scott Gomez.
2:18 of 3rd period - Snap shot by John Carlson.
2:18 of 3rd period - Stopped by Patrick Lalime with a rebound.
2:36 of 3rd period - Snap shot by Daniel Carcillo.
2:36 of 3rd period - Shot Misses the Net.
3:20 of 3rd period - Wrist shot by Alexei Morozov.
3:20 of 3rd period - Shot Misses the Net.
4:39 of 3rd period - Minor Penalty to Scott Gomez for High sticking.
4:40 of 3rd period - Dominic Moore wins face-off versus Henrik Sedin in Blackhawks zone.
4:56 of 3rd period - Jamie Langenbrunner is hit by Alexei Morozov and loses puck.
5:48 of 3rd period - Shane Doan is hit by Johnny Oduya and loses puck.
6:39 of 3rd period - Penalty to Scott Gomez is over, Scott Gomez is back on ice.
7:38 of 3rd period - Icing by Marty Reasoner.
7:39 of 3rd period - Scott Gomez wins face-off versus Marty Reasoner in Stars zone.
8:08 of 3rd period - Backhand shot by George Parros.
8:08 of 3rd period - Stopped by Patrick Lalime with a rebound.
8:44 of 3rd period - Minor Penalty to Evgeny Artyukhin for Hooking.
8:45 of 3rd period - Marty Reasoner wins face-off versus Robert Nilsson in Stars zone.
9:01 of 3rd period - Brendan Bell is hit by Henrik Zetterberg and loses puck.
10:16 of 3rd period - Johnny Oduya is hit by Daniel Sedin and loses puck.
10:44 of 3rd period - Penalty to Evgeny Artyukhin is over, Evgeny Artyukhin is back on ice.
10:55 of 3rd period - Evgeny Artyukhin is hit by George Parros and loses puck.
11:24 of 3rd period - Minor Penalty to Daniel Cleary for Hooking.
11:25 of 3rd period - Kris Versteeg wins face-off versus Marty Reasoner in Stars zone.
11:32 of 3rd period - Snap shot by Kris Versteeg.
11:32 of 3rd period - Stopped by Patrick Lalime with a rebound.
12:00 of 3rd period - Wrist shot by Scott Gomez.
12:00 of 3rd period - Shot Misses the Net.
12:16 of 3rd period - Daniel Sedin is hit by Henrik Zetterberg and loses puck.
13:24 of 3rd period - Penalty to Daniel Cleary is over, Daniel Cleary is back on ice.
13:38 of 3rd period - Snap shot by John Tavares.
13:38 of 3rd period - Stopped by Roberto Luongo without a rebound.
13:39 of 3rd period - Oleg Kvasha wins face-off versus Éric Belanger in Blackhawks zone.
14:09 of 3rd period - Minor Penalty to John Tavares for Holding.
14:10 of 3rd period - Marty Reasoner wins face-off versus Robert Nilsson in Stars zone.
14:32 of 3rd period - Icing by Chris Campoli.
14:33 of 3rd period - Marty Reasoner wins face-off versus Robert Nilsson in Blackhawks zone.
14:34 of 3rd period - Slapshot by Pavel Kubina.
14:34 of 3rd period - Shot Misses the Net.
14:40 of 3rd period - Pavel Kubina is hit by Robert Nilsson and loses puck.
14:47 of 3rd period - Wrist shot by Henrik Zetterberg.
14:47 of 3rd period - Goal by Henrik Zetterberg - Stars : 3 - Blackhawks : 5.
14:48 of 3rd period - Robert Nilsson wins face-off versus Henrik Sedin in neutral zone.
14:59 of 3rd period - Icing by Henrik Sedin.
15:00 of 3rd period - Henrik Sedin wins face-off versus Robert Nilsson in Stars zone.
16:24 of 3rd period - Snap shot by John Tavares.
16:24 of 3rd period - Shot Blocked by Jeff Schultz.
16:42 of 3rd period - Snap shot by Kris Versteeg.
16:42 of 3rd period - Deflect By Robert Nilsson.
16:42 of 3rd period - Stopped by Patrick Lalime with a rebound.
17:08 of 3rd period - John Carlson is hit by Brendan Bell.
17:09 of 3rd period - Icing by John Carlson.
17:10 of 3rd period - Dominic Moore wins face-off versus Marty Reasoner in Blackhawks zone.
17:23 of 3rd period - Wrist shot by Dominic Moore.
17:23 of 3rd period - Stopped by Patrick Lalime with a rebound.
17:26 of 3rd period - Icing by Filip Novak.
17:27 of 3rd period - Robert Nilsson wins face-off versus Marty Reasoner in Stars zone.
17:28 of 3rd period - Wrist shot by Jamie Langenbrunner.
17:28 of 3rd period - Shot Misses the Net.
17:42 of 3rd period - Wrist shot by Jan Hlavac.
17:42 of 3rd period - Shot Blocked by Steve McCarthy.
17:44 of 3rd period - Snap shot by Marty Reasoner.
17:44 of 3rd period - Stopped by Roberto Luongo with a rebound.
17:46 of 3rd period - Backhand shot by Bryan Berard.
17:46 of 3rd period - Deflect By Marty Reasoner.
17:46 of 3rd period - Stopped by Roberto Luongo with a rebound.
17:48 of 3rd period - Snap shot by Marty Reasoner.
17:48 of 3rd period - Shot Blocked by Steve McCarthy.
17:50 of 3rd period - Slapshot by Bryan Berard.
17:50 of 3rd period - Deflect By Jan Hlavac.
17:50 of 3rd period - Shot Misses the Net.
17:50 of 3rd period - Puck is out of play.
17:51 of 3rd period - George Parros wins face-off versus Éric Belanger in Blackhawks zone.
18:16 of 3rd period - Jeff Schultz is hit by Alexei Morozov.
18:19 of 3rd period - Off-side.
18:20 of 3rd period - Henrik Sedin wins face-off versus Scott Gomez in neutral zone.
18:33 of 3rd period - Snap shot by Alexei Morozov.
18:33 of 3rd period - Stopped by Roberto Luongo with a rebound.
18:35 of 3rd period - Snap shot by Alexei Morozov.
18:35 of 3rd period - Stopped by Roberto Luongo with a rebound.
18:55 of 3rd period - Snap shot by Alexei Morozov.
18:55 of 3rd period - Stopped by Roberto Luongo without a rebound.
18:56 of 3rd period - Éric Belanger wins face-off versus Dominic Moore in Blackhawks zone.
19:03 of 3rd period - Snap shot by Éric Belanger.
19:03 of 3rd period - Stopped by Roberto Luongo with a rebound.
19:07 of 3rd period - Snap shot by Evgeny Artyukhin.
19:07 of 3rd period - Shot Blocked by Chris Campoli.
19:09 of 3rd period - Slapshot by Pavel Kubina.
19:09 of 3rd period - Shot Misses the Net.
19:47 of 3rd period - Snap shot by Daniel Cleary.
19:47 of 3rd period - Shot Blocked by Steve McCarthy.
Goals for this period are 0 for Stars vs 1 for Blackhawks.
Shots for this period are 8 for Stars vs 6 for Blackhawks.
Output by the SimonT Hockey Simulator (STHS) for François Prévost -- Original Page W3C XHTML 1.0 Valid